[Event "Israeli Championship 2022"]
[Site "Yosiah Arad"]
[Date "2022.12.08"]
[Round "4.3"]
[White "Kochavi, Ori"]
[Black "Gorodetzky, David"]
[Result "1-0"]
[ECO "C78"]
[WhiteElo "2326"]
[BlackElo "2495"]
[Annotator "TA"]
[PlyCount "99"]
[EventDate "2022.12.05"]
[EventType "swiss"]
[EventCountry "ISR"]
[SourceTitle "playchess.com"]
[Source "ChessBase"]
[SourceQuality "1"]
[TimeControl "40/5400+30:1800+30"]

1. e4 e5 2. Nf3 Nc6 3. Bb5 a6 4. Ba4 Nf6 5. O-O Bc5 6. c3 O-O 7. d4 Ba7 8. Re1 {[%emt 0:00:35] C78: Ruy Lopez: Archangelsk and Möller Defences.} d6 9. h3 b5 10. Bc2 {[%emt 0:00:06] The position is equal.} Re8 11. Be3 h6 12. Nbd2 Bb7 13. d5 Ne7 {[%emt 0:00:40] [#]} 14. c4 $146 ({Predecessor:} 14. Bxa7 Rxa7 15. a4 Ra8 16. b4 c6 17. dxc6 Bxc6 18. c4 Ng6 19. cxb5 axb5 20. a5 {0-1 (38) Saric,I (2681)-Annaberdiev,M (2515) Konya 2019}) 14... c6 15. b3 cxd5 16. cxd5 Bxe3 17. Rxe3 Nd7 18. b4 f5 19. exf5 Nf6 20. Re1 (20. Ne4 {simplifies} Nxf5 21. Rc3 Nxe4 22. Bxe4 Rf8 23. Rac1) 20... Nexd5 21. Ne4 Kh7 {[%emt 0:06:15] [#] Strongly threatening ...Nxe4.} 22. Qd2 Rc8 23. Bb3 (23. Rad1 $11) 23... Nxe4 $15 24. Rxe4 Nf4 25. Rxf4 exf4 26. Qxf4 Re4 (26... Qf6 $15 27. Rd1 Qc3) 27. Qd2 $1 $11 Qf6 28. Rd1 d5 29. Nd4 Kh8 30. f3 Re7 31. Qf4 Rce8 32. Kh2 Re5 33. Rc1 Rc8 34. Rd1 Bc6 35. g4 Bd7 36. Kg3 Rce8 37. h4 Re1 38. g5 Qe7 {[%emt 0:00:30] [#] Threatens to win with ...Rxd1.} 39. f6 gxf6 (39... Qxb4 $2 40. fxg7+ (40. gxh6 g5 $11) 40... Kg8 41. gxh6 $18) 40. gxf6 Qe5 (40... Qxb4 $2 {leads to mate.} 41. Qxh6+ Kg8 42. Qg7#) (40... Rg8+ $2 41. Kf2 $18) 41. Qxe5 {[%emt 0:32:24] The board is on fire.} R1xe5 42. Rc1 Rf8 43. Rc7 Be8 44. Kf4 $1 Re1 (44... Rxf6+ $2 45. Kxe5 Rf8 46. Bxd5 $18) (44... Rh5 $11) 45. Kf5 $1 $16 {[%emt 0:00:00] White is much more active.} Rg1 $2 {[%emt 0:02:52][%mdl 8192] Loses the game.} (45... Rf7 $16 46. Rc5 Bd7+ 47. Kg6 Be8 48. Bxd5 (48. Rxd5 Rd7+ 49. Kf5 Rxd5+ 50. Bxd5 Rd1 $11) 48... Rd7+ 49. Kf5 (49. Kxh6 $2 {is the wrong capture.} Rg1 $19) 49... Kh7) 46. Bxd5 $18 Bg6+ $2 (46... Rg6 47. f7 Rd6) 47. Ke5 Re1+ 48. Be4 Bf7 49. Ne6 Bxe6 50. Kxe6 {[%emt 0:00:00] Weighted Error Value: White=0.08 (flawless) /Black=0.34} 1-0

[Event "Israeli Championship 2022"]
[Site "Yosiah Arad"]
[Date "2022.12.08"]
[Round "4.4"]
[White "Zanan, Evgeny"]
[Black "Yaniv, Yuval"]
[Result "0-1"]
[ECO "B30"]
[WhiteElo "2485"]
[BlackElo "2343"]
[Annotator "TA"]
[PlyCount "70"]
[EventDate "2022.12.05"]
[EventType "swiss"]
[EventCountry "ISR"]
[SourceTitle "playchess.com"]
[Source "ChessBase"]
[SourceQuality "1"]
[TimeControl "40/5400+30:1800+30"]

1. e4 c5 2. Nf3 Nc6 3. Nc3 e6 4. Bb5 Nd4 5. O-O a6 6. Bd3 Nc6 $1 {[%emt 0:00:26] 6...Nc6 scores better than 6...Ne7. B30: Sicilian: 2...Nc6 3 Bb5, lines without ...g6.} 7. Re1 g5 $1 {[%emt 0:00:49][%cal Bg7g5,Bg5g4][%mdl 32] [#] Threatens to win with ...g4.} 8. Kh1 g4 {[%emt 0:07:11] Black is slightly better.} 9. Ng1 h5 10. f4 {[%emt 0:19:15] [#]} Bg7 $146 ({Predecessor:} 10... d6 11. Bf1 Nge7 12. a3 Bg7 13. Rb1 b5 14. b4 cxb4 15. axb4 Bb7 16. Bb2 Kf8 {½-½ (40) Lakos,N (2247)-Polyik,P (2254) Hungary 2018}) 11. Nd5 Nge7 ({Black should try} 11... exd5 $17 12. exd5+ Nge7) 12. Nxe7 $15 Nxe7 13. e5 ({White should play} 13. c3 $15) 13... f5 (13... Qc7 $17 14. b3 f5) 14. exf6 Bxf6 15. c3 Qc7 16. Bc2 b5 (16... Qxf4 17. d4 Qd6 18. Rf1 $16) (16... b6 {is more complex.} 17. f5 Bb7 18. fxe6 O-O-O) 17. d4 cxd4 18. f5 {[%emt 0:01:42] This move loses the game for White.} (18. Ne2 $17 {is a better defense.}) 18... dxc3 $19 19. bxc3 Bb7 (19... Bxc3 20. Bd2 $17) (19... Qxc3 20. Rb1 Qd4 21. Qe2 $11) 20. fxe6 {[%emt 0:00:48][%cal Oc1f4] Black must now prevent Bf4!} O-O-O (20... Qxc3 21. Qxd7+ Kf8 22. Qxb7 $18) (20... Bxc3 21. exd7+ Qxd7 22. Bg6+ Kd8 {[#]} 23. Bg5 $1 Bxg2+ 24. Kxg2 Bxe1 25. Bxe7+ Kxe7 26. Qxe1+ Qe6 27. Qb4+ Kf6 28. Re1 $18 (28. Be4 Rae8 $15) (28. Be4 Rae8 $15)) 21. Ba3 dxe6 {[%emt 0:01:12] Chess con chili.} (21... Qxc3 22. Bxe7 Qxa1 23. Qxa1 (23. Bxd8 Qxd1 24. Rxd1 Rxd8 $17) 23... Bxa1 24. Bxd8 $16 (24. Rxa1 Rde8 $11)) 22. Qe2 Nd5 (22... Qxc3 23. Qxe6+ Kb8 24. Bd6+ Ka7 25. Be4 $17) 23. Be4 Kb8 (23... Nxc3 24. Bxb7+ Kxb7 25. Qxe6 $17) (23... Bxc3 $2 24. Rac1 Kb8 25. Bb2 $19) 24. Bb2 (24. Rac1) 24... Nf4 {[%emt 0:02:23] Black is clearly winning.} ({Weaker is} 24... Bxc3 25. Rac1 b4 26. Bxc3 bxc3 27. Rb1 $19) ({Worse is} 24... Nxc3 25. Bxc3 Bxc3 26. Rac1 $19) 25. Qf2 Bxe4 ({Not} 25... Bxc3 26. Bxc3 Bxe4 27. Rxe4 $11) 26. Rxe4 Nd3 27. Qe2 Nxb2 28. Rxe6 Bxc3 {[%emt 0:02:04] Strongly threatening ...Nd3.} 29. Rc1 Nd3 30. Rf1 Nf4 31. Rxf4 Qxf4 32. Rb6+ Kc7 33. Rxa6 Qe5 {[%emt 0:00:45] ( -> ...Qxe2)} 34. Qf2 Bd4 35. Qc2+ Qc5 {[%emt 0:00:21] Weighted Error Value: White=0.94/Black=0.14 (very precise)} 0-1

[Event "Israeli Championship 2022"]
[Site "Yosiah Arad"]
[Date "2022.12.08"]
[Round "4.5"]
[White "Dvoirys, Semen I."]
[Black "Sokolovsky, Yahli"]
[Result "1/2-1/2"]
[ECO "C88"]
[WhiteElo "2461"]
[BlackElo "2414"]
[Annotator "TA"]
[PlyCount "120"]
[EventDate "2022.12.05"]
[EventType "swiss"]
[EventCountry "ISR"]
[SourceTitle "playchess.com"]
[Source "ChessBase"]
[SourceQuality "1"]
[TimeControl "40/5400+30:1800+30"]

1. e4 e5 2. Nf3 Nc6 3. Bb5 a6 4. Ba4 Nf6 5. O-O Be7 6. Re1 b5 7. Bb3 O-O 8. a4 Bb7 9. d3 d5 10. exd5 {[%emt 0:00:31] C88: Closed Ruy Lopez: Anti-Marshall Systems.} (10. axb5 {simplifies} axb5 11. Rxa8 Bxa8 12. exd5 Nxd5 13. Nxe5 Nxe5 14. Rxe5 c5 15. h3) 10... Nxd5 11. Nxe5 (11. axb5 {simplifies} axb5 12. Rxa8 Bxa8 13. Nbd2) 11... Nd4 12. c3 {[%emt 0:02:43] White is slightly better.} Nxb3 13. Qxb3 {[%emt 0:00:05] [#]} Bg5 $146 ({Predecessor:} 13... b4 14. d4 Rb8 15. c4 Nf6 16. Be3 Nd7 17. Nd2 Re8 18. Ndf3 Nf8 19. Rad1 h6 {1-0 (38) Csolto,R (2280)-Lukac,R (2127) Slovakia 2013}) 14. Nd2 (14. axb5 Bxc1 15. bxa6 (15. Rxc1 $2 Nf4 $19) 15... Bxa6 16. Rxc1 Nf4 $11) 14... Bf4 15. d4 Bxe5 16. Rxe5 Nf4 17. Nf3 $1 (17. axb5 axb5 18. Rxa8 Qxa8 $17) 17... Nh3+ 18. Kf1 $1 (18. gxh3 Bxf3 19. Rf5 (19. axb5 Qh4 $11) 19... Bb7 $11) 18... Bxf3 {[%emt 0:04:46][%mdl 64] Remove Defender} 19. gxf3 Qh4 {[%emt 0:00:54][%csl Gh3][%cal Rh4f2] Prevents Rh5.} 20. Be3 (20. axb5 $2 Qxf2#) 20... b4 (20... bxa4 $16 21. Rxa4 (21. Qxa4 Nf4 $16) 21... Nf4) 21. Qd5 (21. cxb4 Nf4 $16) ({Better is} 21. Qxb4 $18 {And now Qe7 would win.} Nf4 22. Bxf4) 21... Nf4 $1 $14 22. Bxf4 Qxf4 23. Kg2 (23. Rae1 {simplifies} Rab8 24. Kg2 Qd2 25. cxb4 Qxb4 26. b3) 23... Rad8 24. Qc5 (24. Re4 {simplifies} Qxh2+ 25. Kxh2 Rxd5 26. cxb4 f5 27. Re7) 24... f5 $2 (24... Rd6 $14) 25. Rae1 h5 (25... bxc3 $142 26. bxc3 Qg5+ 27. Kh1 Qf4) 26. Qxb4 $18 {[%emt 0:10:40] Active counter play!} (26. cxb4 h4 $14) (26. Qxc7 Rc8 27. Qa5 bxc3) 26... Rd6 27. Re6 {[%emt 0:01:10] Prevents Rg6+.} h4 {[%emt 0:03:18][%cal Oh4h3] [#] Strongly threatening ...h3+!} 28. h3 $1 Rxe6 29. Qc4 (29. Rxe6 $6 Qg5+ 30. Kf1 Qc1+ 31. Re1 Qf4 $18) 29... Rff6 (29... Qg5+ $2 30. Kf1 $18) 30. Rxe6 {[%emt 0:00:11][%mdl 4096] Endgame KQR-KQR} Kh7 31. Re3 (31. Qxa6 Qg5+ 32. Kf1 Qc1+ 33. Kg2 Qg5+ 34. Kf1 Qc1+ 35. Kg2 Qg5+ $11) 31... Rg6+ 32. Kf1 Qg5 $2 (32... Qh2 {was necessary.}) 33. Ke2 (33. Qxc7 $2 Qg1+ 34. Ke2 Rg2 $19) 33... Qg1 34. Re8 (34. Qxc7 $2 Rg2 35. Re5 Rxf2+ 36. Ke3 Qf1 $19) 34... Qc1 35. Qg8+ (35. Qxc7 Qxb2+ 36. Kd3 Qxf2 $11) 35... Kh6 36. Qh8+ Kg5 37. f4+ $1 Qxf4 38. Re3 Qd6 39. Qe8 {[%emt 0:00:52] Threatens to win with Re5.} c5 40. dxc5 Qxc5 41. Qe7+ ({White should try} 41. Qd8+ $18 Rf6 42. b3) 41... Qxe7 $14 42. Rxe7 {[%emt 0:00:00] Rb7 is the strong threat. KR-KR} Rb6 {[%emt 0:03:17] Against Rb7} (42... Kf4 $16 {was called for.}) 43. b4 $18 ({Much less strong is} 43. Rxg7+ $6 Kf6 44. Ra7 Rxb2+ 45. Ke3 Rb6 $18) 43... Kf6 44. Rc7 g5 45. Kf3 {[%emt 0:00:00] Prevents g4+.} Ke6 46. Rc5 Rd6 47. b5 axb5 48. axb5 Rd2 49. c4 Rb2 {[%emt 0:02:12] [#]} (49... Rd3+ $16 50. Kg2 Rb3) 50. Rc6+ $2 (50. Ke3 $1 $18) 50... Ke5 $14 51. b6 (51. Rg6 $14) 51... g4+ $1 $11 {[%emt 0:02:32] The position is equal.} 52. Kg2 (52. hxg4 $5 Rb3+ $8 53. Ke2 fxg4 54. c5 $11 (54. Rh6 Rb2+ 55. Kf1 h3 $11)) 52... g3 53. Rc5+ Kd4 54. Rb5 Rxf2+ 55. Kg1 {[%emt 0:00:00] White threatens b7 and mate.} Ra2 $1 (55... Kxc4 56. Rb1 Re2 57. b7 $18) 56. b7 {[%emt 0:16:36] Rb1 would kill now.} Ra1+ 57. Kg2 Ra2+ 58. Kf1 {[%emt 0:00:21] White wants to mate with Rb1.} (58. Kg1 $5 Ra1+ $8 59. Kg2 Ra2+ 60. Kh1 (60. Kg1 Ra1+ $11) 60... Ra1+ 61. Kg2 $11) 58... Ra1+ 59. Ke2 (59. Kg2 $5 Ra2+ $8 60. Kg1 Ra1+ 61. Kg2 $11) 59... Ra2+ 60. Kf1 {[%emt 0:00:13] Intending Rb1 and mate.} Ra1+ {[%emt 0:00:08] Black escapes into a draw.   Weighted Error Value: White=0.19 (very precise) /Black=0.25 (precise)} 1/2-1/2

[Event "Israeli Championship 2022"]
[Site "Yosiah Arad"]
[Date "2022.12.08"]
[Round "4.6"]
[White "Bronstein, Or"]
[Black "Levitan, Tal"]
[Result "1-0"]
[ECO "A13"]
[WhiteElo "2442"]
[BlackElo "2243"]
[Annotator "TA"]
[PlyCount "107"]
[EventDate "2022.12.05"]
[EventType "swiss"]
[EventCountry "ISR"]
[SourceTitle "playchess.com"]
[Source "ChessBase"]
[SourceQuality "1"]
[TimeControl "40/5400+30:1800+30"]

1. c4 e6 2. g3 d5 3. Bg2 dxc4 4. Qa4+ Nd7 5. Qxc4 a6 6. Qc2 Ngf6 {[%emt 0:02:20] 6...Rb8 is vanishing.} 7. Nf3 c5 8. Nc3 {[%emt 0:01:40] The modern move.} Ra7 {[%emt 0:04:38] A13: English Opening: 1...e6.} 9. O-O b6 $1 10. d4 Bb7 {[%emt 0:00:56] White is slightly better.} 11. e4 cxd4 12. Nxd4 Bc5 13. Nb3 {[%emt 0:04:01] [#]} O-O $146 ({Predecessor:} 13... Be7 14. Rd1 Qb8 15. Bf4 e5 16. Be3 O-O 17. Rac1 Ba8 18. Qe2 Rc8 19. Nd5 Bd8 20. Nxf6+ Nxf6 21. Rxc8 Qxc8 {1-0 (66) Meier,G (2646)-Filippov,A (2615) Tromsoe 2014}) 14. Nxc5 Nxc5 15. Be3 Qc7 (15... Qe7 $14) 16. Rac1 $16 {[%emt 0:03:30] Na4 is the strong threat.} Ng4 17. Bd2 f5 18. Na4 {[%emt 0:20:42] [#] Hoping for f3.} Bxe4 19. Bxe4 fxe4 20. Nxc5 Qxc5 21. Qxe4 (21. Qxc5 $6 bxc5 22. Rxc5 Raf7 $11) 21... Qh5 22. Qxe6+ Kh8 23. h4 (23. Qxb6 $2 Qxh2#) 23... h6 24. Bb4 (24. Qxb6 $6 Ne5 $14) 24... Re8 25. Rc8 (25. Qxb6 $6 Ne5) 25... Rxc8 26. Qxc8+ Kh7 27. Qc2+ Kh8 28. Qe4 ({White should play} 28. Rd1 $18 {Threatening mate with Rd8+.} Qe8 29. Re1) 28... Nf6 29. Qe6 $36 {[%emt 0:00:36][%mdl 2048] White is in control.} Qf3 (29... Qd5 $16 30. Qc8+ (30. Qxb6 Rb7 $16) 30... Kh7) 30. Bc3 $18 (30. Qxb6 Rb7 31. Qc5 Rb5 32. Qf8+ Kh7) 30... b5 31. Re1 Ng4 $2 (31... Kh7 32. Bxf6 Qxf6 33. Qxf6 gxf6) 32. Qc8+ (32. Bd4 $142 {aiming for Qg6.} Rf7 33. Qg6 (33. Qxa6 Kh7 $18)) 32... Kh7 33. Bd4 {[%emt 0:00:10] The board is on fire.} Rf7 34. Qc2+ (34. Qxa6 $2 {too greedy.} Nxf2 35. Kh2 Qg4 $19) 34... Qf5 35. Qxf5+ Rxf5 {[%emt 0:00:02][%mdl 4096] Endgame KRB-KRN} 36. Re7 {[%emt 0:00:27] Against Rf7} Nf6 37. Ra7 {[%emt 0:01:10] Prevents a5.} Kg6 38. Rxa6 Rd5 39. Bc3 Kf5 40. Ra7 Kg6 41. Kg2 h5 42. Re7 Rd6 43. Re5 Rb6 44. Bd4 Rb7 45. Rg5+ Kh6 46. Be3 Kh7 47. a3 Rb8 48. b3 Ra8 49. Rxb5 {[%emt 0:00:00] Threatens to win with a4.} Rxa3 50. Rb7 Ra2 51. b4 Ng4 $2 (51... Rc2 52. b5 Nd5) 52. Bd4 Rd2 53. Rxg7+ ({Not} 53. Bxg7 Rxf2+ 54. Kg1 Kg6 $16) 53... Kh6 {[%emt 0:00:00] [#]} 54. Rxg4 $1 {[%emt 0:00:00] Weighted Error Value: White=0.24 (precise) /Black=0.40} 1-0

[Event "Israeli Championship 2022"]
[Site "Yosiah Arad"]
[Date "2022.12.08"]
[Round "4.7"]
[White "Shachar, Ehud"]
[Black "Kobo, Ori"]
[Result "0-1"]
[ECO "D02"]
[WhiteElo "2319"]
[BlackElo "2554"]
[Annotator "TA"]
[PlyCount "216"]
[EventDate "2022.12.05"]
[EventType "swiss"]
[EventCountry "ISR"]
[SourceTitle "playchess.com"]
[Source "ChessBase"]
[SourceQuality "1"]
[TimeControl "40/5400+30:1800+30"]

1. Nf3 d5 2. g3 Nc6 3. d4 Bf5 4. Bg2 e6 5. O-O Nb4 6. Na3 Be7 7. c3 Nc6 8. Nc2 h5 9. Ne3 Be4 10. Qb3 Rb8 11. Rd1 b5 12. a4 b4 13. a5 bxc3 14. Qxc3 Nb4 15. Ne5 Nf6 16. Bxe4 Nxe4 17. Qb3 O-O 18. f3 Nf6 19. Nc2 Nd7 20. Nd3 Nxd3 21. Qxd3 c5 22. Kh1 Qc8 23. Ra2 c4 24. Qe3 Qb7 25. Na1 Rfe8 26. Bd2 e5 27. Bc3 e4 28. fxe4 Bb4 29. a6 Qc6 30. e5 Nxe5 31. dxe5 d4+ 32. Qf3 Qxf3+ 33. exf3 dxc3 34. bxc3 Bxc3 35. f4 (35. Rc2 $17 Bxe5 36. Rxc4) 35... Red8 $1 $19 36. Rxd8+ Rxd8 37. Kg2 Rd1 38. Nc2 Rd2+ 39. Kf3 (39. Kh3 {was the only chance.}) 39... Rxh2 $19 40. Ke4 Rd2 41. Ra4 Re2+ (41... Rxc2 $2 {loses.} 42. Rxc4 g5 43. Rc8+ Kg7 44. Kf5 gxf4 45. gxf4) 42. Kf3 Rxc2 43. Rxc4 Rc1 44. Rc8+ Kh7 45. Rc7 Kg6 ({Inferior is} 45... Rf1+ 46. Ke2 (46. Kg2 $2 Rc1 $17) 46... Rc1 47. Kf3 $17) 46. Rxa7 Ra1 47. Rc7 Be1 48. a7 Ra3+ 49. Ke4 Bxg3 (49... Rxg3 50. a8=Q (50. a8=B f5+ 51. exf6 Kxf6 $15) 50... Bf2 51. Qc6+ Kh7 52. Rxf7 Rg6 53. e6 Bh4 54. Qd5) (49... f5+ $142 50. Kd5 Ra5+ 51. Kc6 Bf2) 50. f5+ $19 Kg5 51. Rxf7 $2 (51. e6 Bxc7 52. e7) 51... Ra4+ $19 52. Kd5 Ra5+ 53. Ke4 Bxe5 54. a8=Q (54. a8=R {is a better defense.} Rxa8 55. Kxe5 Re8+ 56. Kd4) 54... Rxa8 $19 55. Kxe5 Re8+ $1 56. Kd4 {[%emt 0:00:00] [#]} h4 $2 (56... Kf4 $1 $19 57. Kd3 h4 58. Rxg7 Kxf5) 57. Rxg7+ $11 Kxf5 58. Rh7 Kg4 59. Rg7+ Kf3 60. Rf7+ $1 Kg2 61. Rg7+ Kh2 62. Kd3 $1 Re1 63. Rh7 h3 64. Kd2 Rg1 65. Ke2 $1 Rg5 66. Kf2 Rf5+ 67. Ke2 Kg3 68. Rg7+ Kh4 69. Rh7+ Kg3 70. Rg7+ Kh2 71. Rg8 Ra5 72. Kf1 Ra1+ 73. Kf2 Ra2+ 74. Kf1 Rg2 75. Rh8 Rg6 76. Kf2 Rf6+ 77. Ke2 Rf7 78. Rg8 Rf4 79. Rg7 Rb4 80. Kf2 Rb2+ 81. Kf1 Rg2 82. Rh7 Rg4 83. Kf2 Rg3 84. Rh8 $1 Rg7 85. Kf1 Rf7+ 86. Ke2 Rf5 87. Rg8 Ra5 88. Kf2 Ra3 89. Rg7 Ra2+ 90. Kf1 $1 Rc2 91. Rg8 Rc5 92. Kf2 Rf5+ 93. Ke2 Kh1 94. Rg3 h2 95. Rg8 Ra5 96. Kf2 Ra2+ 97. Kf1 Ra1+ 98. Kf2 Rg1 99. Ra8 Rg2+ 100. Kf3 Rg7 101. Ra1+ Rg1 102. Ra8 Rf1+ 103. Ke2 Rb1 (103... Rc1 $5 104. Kf2 $8 Rd1 $11) 104. Rg8 $2 {[%emt 0:00:15][%mdl 8192] [#]} (104. Kf2 $11) 104... Rg1 $1 105. Rh8 Kg2 106. Rg8+ Kh3 107. Rh8+ Kg3 108. Rg8+ Kf4 0-1

[Event "Israeli Championship 2022"]
[Site "Yosiah Arad"]
[Date "2022.12.08"]
[Round "4.8"]
[White "Levin, Guy"]
[Black "Mikhalevski, Victor"]
[Result "1/2-1/2"]
[ECO "A13"]
[WhiteElo "2382"]
[BlackElo "2517"]
[Annotator "TA"]
[PlyCount "83"]
[EventDate "2022.12.05"]
[EventType "swiss"]
[EventCountry "ISR"]
[SourceTitle "playchess.com"]
[Source "ChessBase"]
[SourceQuality "1"]
[TimeControl "40/5400+30:1800+30"]

1. c4 Nf6 2. g3 e6 3. Bg2 d5 4. Nf3 Be7 5. b3 d4 6. e3 {[%emt 0:00:17] A13: English Opening: 1...e6.} c5 7. exd4 cxd4 8. O-O O-O 9. Re1 Nc6 10. d3 Bb4 {[%emt 0:00:39] 10...Re8 gains popularity.} 11. Re2 a5 12. Na3 e5 13. Nb5 {[%emt 0:08:18] [#]} (13. Nxe5 Nxe5 14. Rxe5 Qd6 $15) 13... Re8 $146 ({Predecessor:} 13... Bg4 14. h3 Bh5 15. g4 Nxg4 16. hxg4 Bxg4 17. Nh2 Bxe2 18. Qxe2 a4 19. a3 axb3 {1-0 (41) Nigalidze,G (2508)-Khukhashvili,S (2341) Tbilisi 2019}) 14. a3 {[%emt 0:08:05] Against h6} Bf8 15. Bg5 Bf5 16. Bxf6 gxf6 ({Don't play} 16... Qxf6 17. Nc7 $16) 17. Nh4 Bg6 18. Bh3 Na7 19. Nxa7 Rxa7 20. Nf5 Kh8 21. Re1 Ra6 22. a4 e4 23. Rxe4 Rxe4 24. dxe4 d3 25. Qd2 (25. Bg4 {simplifies} Rb6 26. Kg2 Bxf5 27. Bxf5 h6 28. Rb1) 25... Bb4 26. Qh6 Qg8 {[%emt 0:00:10] Against Qg7+} 27. Rd1 d2 28. Rxd2 (28. Kg2 $16) 28... Bxd2 $14 29. Qxd2 {[%emt 0:00:05] Threatens to win with Nd6.} Qf8 {[%emt 0:01:09] Against Nd6} 30. Qd5 Rb6 (30... Bxf5 $11 31. Bxf5 Qe7) 31. Qd4 {[%emt 0:02:10] White is more active.} ({Much weaker is} 31. Qxa5 Rxb3 32. Kg2 Rb4 $11) (31. e5 $1 $16) 31... Re6 32. c5 Bxf5 33. Bxf5 $11 {[%emt 0:00:02][%mdl 4096] Endgame KQR-KQB} ({But not} 33. exf5 Re5 34. Bg2 Qxc5 35. Qxc5 Rxc5 36. Bxb7 Rxf5 $17) 33... Rc6 34. Qd7 (34. e5 $11 {might be stronger.}) 34... Kg7 $15 35. Qxb7 (35. Bg4 $1 $15) 35... Qxc5 $17 36. Kg2 Rd6 {[%emt 0:00:57] ( -> ...Rd2)} 37. Qe7 {[%emt 0:02:17][%cal Of5e6] [#] Hoping for Be6!} Qb6 $2 ({Better is} 37... Rd5 $1 $19 38. Qxc5 Rxc5) 38. e5 $1 $36 {[%emt 0:01:03][%mdl 2048] White is pushing. The position is equal.} Rd2 39. exf6+ Qxf6 40. Qe3 {[%emt 0:00:41] Really sharp!} Qd4 41. Qf3 h6 42. h4 {[%emt 0:00:00] Weighted Error Value: White=0.12 (very precise) /Black=0.18 (very precise)} 1/2-1/2

[Event "Israeli Championship 2022"]
[Site "Yosiah Arad"]
[Date "2022.12.08"]
[Round "4.9"]
[White "Erenberg, Ariel"]
[Black "Streltsov, Alexey"]
[Result "1-0"]
[ECO "D10"]
[WhiteElo "2514"]
[BlackElo "2313"]
[Annotator "TA"]
[PlyCount "137"]
[EventDate "2022.12.05"]
[EventType "swiss"]
[EventCountry "ISR"]
[SourceTitle "playchess.com"]
[Source "ChessBase"]
[SourceQuality "1"]
[TimeControl "40/5400+30:1800+30"]

1. d4 d5 2. c4 dxc4 3. e4 b5 4. a4 c6 5. Nc3 b4 6. Na2 Nf6 7. e5 Nd5 8. Bxc4 e6 9. Nf3 Be7 {[%emt 0:00:12] Prevents Bg5. D10: Slav Defence: 3 cxd5 (without early Nf3) and 3 Nc3.} 10. O-O a5 11. Bd2 Ba6 {[%emt 0:00:47] Black has an edge.} 12. Qc2 Bxc4 (12... O-O {is more complex.} 13. Nc1 Nd7 14. Bxa6 Rxa6 15. Qd3 Ra8) 13. Qxc4 Nb6 14. Qc2 {[%emt 0:01:35] [#]} h6 $146 (14... Qd5 $5 15. Nc1 N8d7 $11) ({Predecessor:} 14... Qd5 15. Nc1 c5 16. dxc5 Qxc5 17. Qxc5 Bxc5 18. Nb3 Be7 19. Rfc1 Kd7 20. Be3 Nd5 {½-½ (77) Mchedlishvili,M (2609)-Naumann,A (2543) Dresden 2007}) 15. Nc1 Qc7 (15... O-O {keeps more tension.} 16. Nb3 Qd5 17. Rfc1 Rc8) 16. Nb3 O-O 17. Rfc1 Rc8 18. Ne1 (18. Qe4 {looks sharper.} N8d7 19. Be3 Nd5 20. Rc2) 18... N8d7 19. Nd3 {[%emt 0:02:44] Against c5} Qa7 20. Qd1 Nd5 21. Qg4 Kf8 22. Rc2 Rc7 23. Rac1 {[%emt 0:01:27] White is more active.} Rac8 (23... N7b6 $14 {was preferrable.}) 24. Nbc5 ({White should play} 24. f4 $16) 24... Nxc5 25. Nxc5 Bxc5 26. Rxc5 Ne7 27. Qe4 Kg8 {[%emt 0:06:57] Inhibits Qh7+.} 28. h4 Rd7 29. h5 Rd5 30. R5c4 (30. b3 $11) 30... Qd7 $15 31. Be3 {[%emt 0:05:45] Against c5} c5 $1 32. dxc5 Qxa4 33. Qf3 (33. Qg4 $17 {keeps fighting.} Nf5 34. c6) 33... Nc6 $19 (33... Rxe5 34. Qb7 Qe8 35. c6 $17) 34. Qg3 Rd1+ (34... Rxe5 $2 35. Bxh6 g6 36. hxg6 $18) (34... Kh7 $19 {Hoping for ...Qb3.} 35. R4c2 Qb3) 35. Kh2 $15 Rxc1 (35... Ne7 $1 $15 36. Qg4 (36. Bxh6 Nf5 $11) 36... Rxc1 37. Rxc1 (37. Bxh6 Nf5 $11) 37... Nf5) 36. Bxh6 $14 Rh1+ $1 (36... Rxc4 $2 37. Qxg7#) 37. Kxh1 {[%emt 0:00:05][%csl Gh6][%cal Rg3g7] The board is on fire.} Qd1+ 38. Kh2 Qxh5+ 39. Rh4 Qxe5 40. f4 $1 Qxb2 {[%emt 0:00:31] [#] Strongly threatening ...Ne7.} (40... Qxc5 $2 41. Qxg7#) 41. Bg5 $40 {[%emt 0:43:28][%mdl 128] Inhibits Ne7. White attacks.} (41. Bxg7 $1 $14 Qxg7 42. Rg4 Qxg4 43. Qxg4+ Kf8 44. Qe2) 41... f6 42. Rh8+ $1 {[%emt 0:00:00][%mdl 64] Decoy} Kxh8 43. Qh3+ Kg8 44. Qxe6+ Kh7 45. Qf5+ Kg8 46. Qxc8+ $11 {[%emt 0:00:00][%mdl 4096] Endgame KQB-KQN} Kh7 47. Qf5+ Kg8 48. Qe6+ Kh8 $2 (48... Kh7 $11 {and Black has nothing to worry.}) 49. Qxc6 $18 {[%emt 0:00:00] Qc8+ is the strong threat.} fxg5 $2 {[%emt 0:00:00] KQ-KQ} (49... b3 50. Qc8+ Kh7 51. Qh3+ Kg8 52. Qc8+ Kh7 53. Qh3+ Kg8 54. Qe6+ Kh8 55. Qh3+ (55. Qe8+ Kh7 $16) 55... Kg8) 50. Qc8+ Kh7 51. Qf5+ $2 (51. c6) 51... g6 52. Qd7+ Kh6 $2 (52... Kg8 $18 53. Qd8+ Kf7) 53. c6 Qc1 54. c7 Qxf4+ 55. Kg1 $1 ({Weaker is} 55. g3 Qf2+ 56. Kh3 Qf1+ 57. Kh2 Qf2+ 58. Kh3 Qf1+ 59. Kh2 Qf2+ $11) 55... Qe3+ 56. Kf1 $1 ({And not} 56. Kh2 Qe5+ 57. g3 Qe2+ 58. Kh3 Qf1+ 59. Kh2 Qe2+ 60. Kg1 Qe1+ 61. Kh2 Qe2+ $11) 56... Qf4+ 57. Ke2 $1 {[%emt 0:00:22] White threatens Qh3+ and mate.} Qe5+ 58. Kd3 $1 {[%emt 0:00:38] White mates.} Qc3+ {[%emt 0:00:22] [#]} 59. Ke4 $1 Qc2+ 60. Ke5 Qc5+ 61. Kf6 Qf8+ {[%emt 0:00:20] [#]} 62. Ke6 $1 Qf5+ 63. Kd6 Qd3+ 64. Kc6 Qa6+ 65. Kc5 Qa7+ 66. Kb5 Qb7+ 67. Ka4 b3 68. Qh3+ (68. c8=R $2 Qb4#) 68... Kg7 69. Qc3+ {[%emt 0:00:03] Never resign too early!   Weighted Error Value: White=0.24 (precise) /Black=0.43} (69. c8=R $2 Qb4#) 1-0